 Dungeon Crawl Stone Soup version 0.22.0-18-ge075c0d (webtiles) character file.

385 Faca the Ruffian (level 6, -1/61 HPs)
             Began as a Troll Hunter on Aug 18, 2018.
             Slain by Pikel
             ... wielding a +1 whip of electrocution
              (18 damage)
             ... on level 4 of the Dungeon.
             The game lasted 00:07:47 (2872 turns).

Faca the Ruffian (Troll Hunter)                     Turns: 2872, Time: 00:07:48

Health: -1/61      AC:  5    Str: 23    XL:     6   Next: 48%
Magic:  5/5        EV: 10    Int:  7    God:
Gold:   82         SH:  0    Dex: 10    Spells: 5/5 levels left

rFire    . . .     SeeInvis .     - Unarmed
rCold    . . .     Gourm    +   (no shield)
rNeg     . . .     Faith    .   b - +0 robe
rPois    .         Spirit   .   (helmet restricted)
rElec    .         Reflect  .   (no cloak)
rCorr    .         Harm     .   (gloves unavailable)
MR       .....                  (boots unavailable)
Stlth    ++........             (no amulet)
HPRegen  0.60/turn              r - ring of stealth
MPRegen  0.09/turn              (no ring)

@: no status effects
A: large, unfitting armour, claws 3, fast metabolism 3, gourmand, regeneration
1, shaggy fur 1, tough skin 2
a: no special abilities


You were on level 4 of the Dungeon.
You were very full.

You visited 1 branch of the dungeon, and saw 4 of its levels.

You collected 82 gold pieces.

Inventory:

Missiles
 a - 6 tomahawks (quivered)
 c - 5 large rocks
 d - 2 throwing nets
Armour
 b - a +0 robe (worn)
Jewellery
 g - an uncursed amulet of guardian spirit {unknown}
 r - a ring of stealth (left claw)
Wands
 q - a wand of flame (31)
 w - a wand of disintegration (14)
Scrolls
 e - a scroll of random uselessness {unknown}
 h - 3 scrolls of enchant weapon {unknown}
 i - a scroll of immolation {unknown}
 k - 2 scrolls of enchant armour {unknown}
 l - 6 scrolls of identify {unknown}
 m - 2 scrolls of remove curse {unknown}
 n - 2 scrolls of fear {unknown}
 p - a scroll of noise {unknown}
 u - 2 scrolls of teleportation {unknown}
 x - a scroll of blinking {unknown}
Potions
 j - a potion of brilliance {unknown}
 o - 3 potions of agility {unknown}
 s - a potion of heal wounds {unknown}
 t - a potion of invisibility {unknown}
 v - a potion of flight {unknown}
 z - a potion of curing {unknown}
 A - a potion of berserk rage {unknown}
Comestibles
 f - 4 rations


   Skills:
 + Level 3.4 Fighting
 - Level 3.6 Throwing
 - Level 1.5 Dodging
 - Level 0.3 Stealth
 * Level 5.3 Unarmed Combat


You had 5 spell levels left.
You didn't know any spells.
Your spell library contained the following spells:

 Spells                   Type           Power        Failure   Level  Hunger
 Corona                   Hex            #......      43%         1    ##.....
 Ensorcelled Hibernation  Hex/Ice        #.....       56%         2    ###....
 Confuse                  Hex            #.......     80%         3    ####...
 Dazzling Spray           Conj/Hex       #.....       80%         3    ####...
 Tukima's Dance           Hex            #.......     80%         3    ####...


Dungeon Overview and Level Annotations

Branches:
Dungeon (4/15)
 Temple: D:4-7

Altars:
Xom

Annotations:
D:4 Pikel


Innate Abilities, Weirdness & Mutations

You are too large for most types of armour.
You have claws for hands.
Your metabolism is lightning-fast.
You like to eat raw meat.
Your natural rate of healing is unusually fast.
You are covered in fur. (AC +1)
You have very tough skin. (AC +2)


Message History

Pikel hits you but does no damage.
You scratch Pikel but do no damage.
Pikel is moderately wounded.
Pikel hits you with a whip of electrocution.
You are electrocuted!
You barely miss Pikel.
Pikel is moderately wounded.
Pikel hits you but does no damage.
You scratch Pikel.
Pikel is moderately wounded.
Pikel hits you with a whip of electrocution!
You scratch Pikel.
Pikel is moderately wounded.
Pikel hits you with a whip of electrocution!
You barely miss Pikel.
Pikel is moderately wounded.
Pikel hits you with a whip of electrocution.
* * * LOW HITPOINT WARNING * * *
You are electrocuted!
You die...

# #.####.#.# #...# # #......#.#
#...# # # ########.# #...# # #
#.# #...# # ######### #.#######
#...# # # #.......#####.......#
#...#### ##
#.............#####.###....... .#
#...........#.##............P. ##
#.....<.....#@##............≈P #
#...........#K##..).........≈≈
#..........##.##.##.###....≈≈♣
####.......#..##.......# #....≈♣♣
..##########....#.....## #...P≈≈♣
#.# #.##.#.....####...P≈P♣
#.###### #.##.#.......<.....P≈P
.......#####...........###...#P≈P
..#.......#####........###......P


You could see Pikel.

Vanquished Creatures
  An ogre (D:4)
  An ice beast (D:4)
  An orc priest (D:3)
  A centaur skeleton (D:4)
  Terence (D:2)
  2 adders (D:2)
  2 oozes
  An adder skeleton (D:4)
  3 worms
  A leopard gecko (D:1)
  4 orcs (D:3)
  4 bats
  7 giant cockroaches
  13 goblins
  5 hobgoblins
  7 jackals
  2 quokkas
  A ball python (D:1)
  A ball python skeleton (D:4)
  8 frilled lizards
  8 kobolds
  8 rats
82 creatures vanquished.

Notes
Turn   | Place    | Note
-------+----------+-------------------------------------------
     0 | D:1      | Faca the Troll Hunter began the quest for the Orb.
     0 | D:1      | Reached XP level 1. HP: 19/19 MP: 0/0
    66 | D:1      | Reached skill level 1 in Unarmed Combat
   118 | D:1      | Reached XP level 2. HP: 16/28 MP: 1/1
   262 | D:1      | Reached skill level 2 in Unarmed Combat
   391 | D:1      | Reached XP level 3. HP: 35/35 MP: 2/2
   843 | D:2      | Reached skill level 3 in Unarmed Combat
   843 | D:2      | Reached XP level 4. HP: 43/44 MP: 3/3
  1180 | D:2      | Found a shimmering altar of Xom.
  1196 | D:2      | Noticed Terence
  1205 | D:2      | Killed Terence
  1918 | D:3      | Reached skill level 4 in Unarmed Combat
  1918 | D:3      | Reached XP level 5. HP: 15/52 MP: 4/4
  2300 | D:4      | Noticed an ogre
  2313 | D:4      | Killed an ogre
  2313 | D:4      | Reached XP level 6. HP: 17/61 MP: 5/5
  2403 | D:4      | Noticed an ice beast
  2418 | D:4      | Killed an ice beast
  2418 | D:4      | Reached skill level 5 in Unarmed Combat
  2834 | D:4      | Noticed a slave
  2836 | D:4      | Noticed Pikel
  2836 | D:4      | Noticed a slave
  2872 | D:4      | Slain by Pikel

Skill      XL: |  1  2  3  4  5  6 |
---------------+-------------------+-----
Unarmed Combat | 1 2 3 4 5 |  5.3
Fighting       | 2 3 |  3.4
Throwing       | |  3.6
Dodging        | |  1.5
Stealth        | |  0.3

Action                   |  1- 3 |  4- 6 || total
-------------------------+-------+-------++-------
Melee: Unarmed           |   122 |   137 ||   259
       Punch             |       |     2 ||     2
 Stab: Sleeping          |     1 |     8 ||     9
  Eat: Chunk             |    13 |    17 ||    30
Armor: Robe              |    39 |    28 ||    67
Dodge: Dodged            |    56 |    46 ||   102
